 Dungeon Crawl Stone Soup version 0.30-a0-920-g7493c07aab (webtiles) character file.

Game seed: 727683918635214481

266 cforsyth the Covered (level 6, -7/48 HPs)
             Began as a Human Fighter on Mar 22, 2023.
             Mangled by a shadow (24 damage)
             ... on level 4 of the Dungeon.
             The game lasted 00:04:07 (3715 turns).

cforsyth the Covered (Human Fighter)                Turns: 3715, Time: 00:04:08

Health: -7/48      AC: 11    Str: 24    XL:     6   Next: 44%
Magic:  6/6        EV:  8    Int:  9    God:
Gold:   172        SH:  8    Dex: 12    Spells: 5/5 levels left

rFire   . . .      SeeInvis .    a - +0 flail
rCold   . . .      Faith    .    w - +0 kite shield
rNeg    . . .      Spirit   .    b - +0 scale mail
rPois   .          Reflect  .    (no helmet)
rElec   .          Rampage  .    e - +2 cloak
rCorr   .                        k - +0 pair of gloves
Will    .....                    (no boots) Stlth
                                 (no amulet)
HPRegen 0.28/turn                g - +6 ring of strength
MPRegen 0.10/turn                (no ring)

@: mighty
A: no striking features
a: no special abilities


You were on level 4 of the Dungeon.
You visited 1 branch of the dungeon, and saw 5 of its levels.

You collected 172 gold pieces.

Inventory:

Hand Weapons
 a - a +0 flail (weapon)
Missiles
 n - a throwing net (quivered)
Armour
 b - a +0 scale mail (worn)
 c - a +0 buckler
 e - a +2 cloak (worn)
 k - a +0 pair of gloves (worn)
 p - a scarf of repulsion
 w - a +0 kite shield (worn)
Jewellery
 g - a +6 ring of strength (left hand)
 x - the amulet "Atzov" {Spirit rF- rN++}
   (You found it on level 4 of the Dungeon)

   [amulet of guardian spirit]

   It causes incoming damage to be divided between your reserves of health and
   magic.
   rF:        It makes you vulnerable to fire.
   rN:        It greatly protects you from negative energy.
Wands
 t - a wand of mindburst (10)
 z - a wand of flame (10)
Scrolls
 f - a scroll of acquirement {unknown}
 h - 5 scrolls of amnesia {unknown}
 i - a scroll of vulnerability {unknown}
 m - a scroll of magic mapping {unknown}
 q - a scroll of teleportation {unknown}
 r - a scroll of fog {unknown}
 s - 3 scrolls of identify {unknown}
 y - a scroll of noise {unknown}
 A - 2 scrolls of fear {unknown}
 D - a scroll of blinking {unknown}
Potions
 j - a potion of flight {unknown}
 l - a potion of magic {unknown}
 o - a potion of invisibility {unknown}
 u - 2 potions of haste {unknown}
 v - a potion of berserk rage {unknown}
 B - a potion of lignification {unknown}
 C - a potion of mutation {unknown}


   Skills:
 + Level 4.2 Fighting
 + Level 3.5 Maces & Flails
 + Level 4.2 Armour
 + Level 4.1 Shields


You had 5 spell levels left.
You didn't know any spells.
Your spell library was empty.

Dungeon Overview and Level Annotations

Branches:
Dungeon (5/15)
 Temple: D:4-7

Altars:


Message History

Found a falchion.
There is an open door here.
You open the door.
There is an open door here.
Found 3 stones.
You see here 3 stones.
You open the door.
A shadow and a phantom come into view.
There is an open door here.
The shadow slips into darkness.
The shadow flickers and vanishes!
Deactivating autopickup; reactivate with Ctrl-A.
There is an open door here.
There is a stone staircase leading up here.
The shadow strikes at you from the darkness!
Reactivating autopickup.
The shadow barely misses you. You block the shadow's attack.
The shadow hits you.
The phantom hits you but does no damage.
You block the phantom's attack. The shadow hits you!
Unknown command.
Unknown command.
The shadow closely misses you. You block the phantom's attack.
You climb upwards.
There is a stone staircase leading down here.
You feel very mighty all of a sudden. The shadow hits you.
The phantom hits you.
The phantom blinks!
You blink.
You closely miss the phantom.
The shadow slips into darkness.
The shadow flickers and vanishes!
Deactivating autopickup; reactivate with Ctrl-A.
The phantom hits you but does no damage.
You miss the phantom. You block the phantom's attack.
You thump the phantom!
The phantom is moderately damaged.
The phantom hits you.
The shadow strikes at you from the darkness!
Ouch! That really hurt!
You die...

#.#### #. # #.##.## #. ###
#.#.#.####### #.
..####..###......# #.
#........#.#####># #.
####......## #.# #. #####...###
#.# #. ...###.## #{# ## ##.# #.#
#@# # #.# #.# #W# # #.###'## #.#
###### #.##...## #.# #.....
#.#.....## #.#### #.####
#........## ##....# #.#.##
##.........####...#.########...<#
........>..'.....................
##.........####...#.########....#


You could see a phantom.

Vanquished Creatures
  A jelly (D:4)
  7 gnolls
  8 adders
  An ufetubus (D:4)
  3 dart slugs
  2 orcs
  2 bats
  11 endoplasms
  5 giant cockroaches
  8 goblins
  7 hobgoblins
  7 jackals
  A quokka (D:1)
  6 ball pythons
  4 frilled lizards
  8 kobolds
  3 rats
84 creatures vanquished.

Notes
Turn   | Place    | Note
-------+----------+-------------------------------------------
     0 | D:1      | cforsyth the Human Fighter began the quest for the Orb.
     0 | D:1      | Reached XP level 1. HP: 18/18 MP: 1/1
   118 | D:1      | Reached XP level 2. HP: 17/24 MP: 2/2
   277 | D:1      | You fall into a shaft and drop 1 floor!
   303 | D:1      | Reached XP level 3. HP: 26/29 MP: 3/3
   794 | D:2      | Reached XP level 4. HP: 35/35 MP: 4/4
  1027 | D:2      | Reached XP level 5. HP: 36/42 MP: 5/5
  2472 | D:3      | Reached XP level 6. HP: 48/48 MP: 6/6
  2757 | D:4      | Identified the amulet "Atzov" {Spirit rF- rN++}
  3600 | D:5      | Entered Level 5 of the Dungeon
  3675 | D:5      | Noticed a shadow
  3715 | D:4      | Mangled by a shadow

Illustrated notes

Levels and vault maps discovered:
D:1:      sevenhm_arrival_forest_fort_small_4, layout_rooms, hex_tiny
D:2:      layout_basic
D:3:      layout_basic, minivault_11
D:4:      layout_loops_corners, hangedman_decor_clover_reticule,
          chequers_serial_rivers_micro_e
D:5:      layout_gridville, trog_wizard

Skill      XL: |  1  2  3  4  5 |
---------------+----------------+-----
Maces & Flails | 3 |  3.5
Armour         | 4 |  4.2
Fighting       | 4 |  4.2
Shields        | 4 |  4.1

Action                     |  1- 3 |  4- 6 || total
---------------------------+-------+-------++-------
  Melee: Flail             |    88 |   206 ||   294
    Use: Potion            |       |     1 ||     1
 Armour: Scale mail        |    54 |   139 ||   193
  Dodge: Dodged            |    71 |   109 ||   180
  Block: Buckler           |    30 |    36 ||    66
         Kite shield       |       |    40 ||    40

Table legend: (Time is in decaauts)
 A = Elapsed time spent in this place.
 B = Non-inter-level travel time spent in this place.
 C = Inter-level travel time spent in this place.
 D = Time resting spent in this place.
 E = Time spent auto-exploring this place.
 F = Levels seen in this place.
 G = Mean time per level.
                   A        B        C        D        E       F      G
               +--------+--------+--------+--------+--------+-----+--------+
         Total |   3821 |   3707 |    114 |    132 |   2768 |   5 |  764.2 |
       Dungeon |   3821 |   3707 |    114 |    132 |   2768 |   5 |  764.2 |
               +--------+--------+--------+--------+--------+-----+--------+

Top non-repeatable levels by time:
     D:2: 1016 daAuts
     D:3: 997 daAuts
     D:4: 910 daAuts
     D:1: 787 daAuts
     D:5: 110 daAuts
